 Dungeon Crawl Stone Soup version 0.31-a0-216-g22e908daa7 (webtiles) character file.

Game seed: 15234111414378515619

996 qw the Chopper (level 8, -1/49 HPs)
             Began as a Gargoyle Fighter on July 2, 2023.
             Was an Initiate of Okawaru.
             Slain by Prince Ribbit (5 damage)
             ... on level 5 of the Dungeon.
             The game lasted 00:02:25 (3729 turns).

qw the Chopper (Gargoyle Fighter)                   Turns: 3729, Time: 00:02:25

Health: -1/49      AC: 14    Str: 22    XL:     8   Next: 19%
Magic:  8/8        EV:  8    Int:  9    God:    Okawaru [......]
Gold:   209        SH:  4    Dex:  9    Spells: 7/7 levels left

rFire   . . .        Y - +0 war axe
rCold   . . .        c - +0 buckler
rNeg    + . .        h - +0 chain mail
rPois   inf          (no helmet)
rElec   +            (no cloak)
rCorr   .            (no gloves)
SInv    .            (no boots)
Will    .....        (no amulet) Stlth
                     (no ring)
HPRegen 0.28/turn    (no ring)
MPRegen 0.11/turn

%: no passive effects
@: no status effects
A: sickness immunity, AC +5, negative energy resistance 1, electricity
resistance, torment resistance 1, petrification resistance
a: Renounce Religion


You were on level 5 of the Dungeon.
You worshipped Okawaru.
Okawaru was noncommittal.
You visited 1 branch of the dungeon, and saw 5 of its levels.

You collected 209 gold pieces.


Innate Abilities, Weirdness & Mutations

You are immune to sickness and miasma.
Your stone body is resilient. (AC +5)
You are immune to poison.
You resist negative energy. (rN+)
You are resistant to electric shocks. (rElec)
You are resistant to unholy torment.
You are immune to petrification.


   Skills:
 - Level 5.1 Fighting
 - Level 7.1 Axes
 + Level 0.0 Throwing
 - Level 3.2 Armour
 - Level 2.9 Dodging
 - Level 3.2 Shields


You had 7 spell levels left.
You didn't know any spells.
Your spell library was empty.

Inventory:

Hand Weapons
 g - a +0 flail
 Y - a +0 war axe (weapon)
Missiles
 l - 3 boomerangs (quivered)
Armour
 c - a +0 buckler (worn)
 e - a +0 helmet
 h - a +0 chain mail (worn)
 i - a +0 cloak
 o - a +0 pair of boots
Jewellery
 a - an amulet of the acrobat
 p - a +5 ring of evasion
 q - a +4 ring of slaying {mikee}
Scrolls
 k - 3 scrolls of identify
Potions
 b - a potion of curing {unknown}
 d - 3 potions of might
 f - a potion of haste {unknown}
 j - a potion of ambrosia {unknown}
 m - 3 potions of mutation {unknown}
 n - a potion of attraction {unknown}

Dungeon Overview and Level Annotations

Branches:
Dungeon (5/15)
 Temple: D:4-7

Altars:
Hepliaklqana
Okawaru
Trog
The Shining One

Shops:
D:1 =?

Annotations:
D:3 2 transporters, qw's ghost, amateur GrFi
D:5 Prince Ribbit


Message History

Enter note:
Enter note:
Enter note:
Enter note:
Enter note: You throw a boomerang.
The boomerang hits Prince Ribbit.
Prince Ribbit is lightly wounded.
Prince Ribbit blinks!
You throw a boomerang.
The boomerang barely misses Prince Ribbit.
You closely miss Prince Ribbit.
Prince Ribbit is lightly wounded.
Prince Ribbit hits you but does no damage.
Prince Ribbit closely misses you.
You barely miss Prince Ribbit.
Prince Ribbit is lightly wounded.
Prince Ribbit hits you but does no damage. x2
You hit Prince Ribbit.
Prince Ribbit is lightly wounded.
Prince Ribbit croaks regally.
You block Prince Ribbit's attack.
You hit Prince Ribbit but do no damage.
Prince Ribbit is lightly wounded.
Prince Ribbit hits you! Prince Ribbit barely misses you.
You barely miss Prince Ribbit.
Prince Ribbit is lightly wounded.
Prince Ribbit hits you! Prince Ribbit hits you.
You barely miss Prince Ribbit.
Prince Ribbit is lightly wounded.
Prince Ribbit hits you!
You closely miss Prince Ribbit.
Prince Ribbit is lightly wounded.
Prince Ribbit hits you!
Prince Ribbit blinks!
You hit Prince Ribbit.
Prince Ribbit is lightly wounded.
Prince Ribbit hits you. x2
You hit Prince Ribbit.
Prince Ribbit is moderately wounded.
Prince Ribbit hits you.
You die...

#.........# #.#...# #..##.#
#.........# #.#...####..##.#
#....<..### #.#.#..))#.?##.#
#.#####.#####.#'#.##.#..##.# #.#
#.#.........##.#..##.# #.#
#.#.###.....##....##.# #.# #.#.#
#.....###...##.# ###.#####.#.#
##.F.(.##...##.#
..........%.####@....###..##.####
........#.#....#ยค....#
#.....#... .....##.#.#....#.....#
#....>.... #.#............#.....#
##.#.##.## .....<....#....#.....#
#.#.##:# .....#...###...#####...
#.#.##.# ..............).#
...##.#.##<## .[.....#.)().#).#
.....#......
#.....##.._..##.####......######.


You could see Prince Ribbit.

Vanquished Creatures
  Grinder (D:4)
  An ice beast (D:5)
  2 phantoms
  3 scorpions
  A hound (D:4)
  2 jellies (D:5)
  An orc priest (D:3)
  An iguana (D:5)
  A gnoll (D:5)
  10 adders
  5 worms
  3 dart slugs
  10 orcs
  11 ball pythons
  6 bats
  5 endoplasms
  2 giant cockroaches (D:1)
  6 goblins
  8 hobgoblins
  4 jackals (D:1)
  7 kobolds
  2 quokkas
  3 frilled lizards
  6 rats
101 creatures vanquished.

Notes
Turn   | Place    | Note
-------+----------+-------------------------------------------
     0 | D:1      | qw the Gargoyle Fighter began the quest for the Orb.
     0 | D:1      | Reached XP level 1. HP: 14/14 MP: 1/1
     0 | D:1      | 0 ||| qw: Version: 0.3-a-39-g4513739
     0 | D:1      | 0 ||| qw: Game counter: 7882
     0 | D:1      | 0 ||| qw: Melee chars always use a shield: true
     0 | D:1      | 0 ||| qw: God list: Okawaru
     0 | D:1      | 0 ||| qw: Allow faded altars: false
     0 | D:1      | 0 ||| qw: Do Orc after clearing Dungeon:15 true
     0 | D:1      | 0 ||| qw: Do second Lair branch before Depths: true
     0 | D:1      | 0 ||| qw: Lair rune preference: random
     0 | D:1      | 0 ||| qw: Goals: Normal, Zot:1-4, Slime:5, God:TSO, Crypt,
                  | Tomb, Abyss, Pan, Hells, Win
     0 | D:1      | 0 ||| PLANNING D:1-11
    35 | D:1      | Reached skill level 2 in Axes
    81 | D:1      | Reached XP level 2. HP: 19/19 MP: 2/2
   138 | D:1      | Found Jueguumu's Jewellery Shop.
   160 | D:1      | 160 ||| SHOPLISTING +6 ring of strength (468 gold, have
                  | 18).
   160 | D:1      | 160 ||| SHOPLISTING amulet of regeneration (390 gold, have
                  | 18).
   160 | D:1      | 160 ||| SHOPLISTING ring of fire (325 gold, have 18).
   160 | D:1      | 160 ||| SHOPLISTING ring of protection from cold (325 gold,
                  | have 18).
   160 | D:1      | 160 ||| SHOPLISTING ring of see invisible (195 gold, have
                  | 18).
   160 | D:1      | 160 ||| SHOPLISTING ring of willpower (325 gold, have 18).
   190 | D:1      | Found Kopp's Assorted Antiques.
   256 | D:1      | Reached skill level 3 in Axes
   381 | D:1      | Reached XP level 3. HP: 21/23 MP: 3/3
   498 | D:1      | Found Jueneol's Magic Scroll Shoppe.
   504 | D:1      | 504 ||| SHOPLISTING 2 scrolls of enchant weapon (165 gold,
                  | have 19).
   504 | D:1      | 504 ||| SHOPLISTING scroll of identify (22 gold, have 19).
   824 | D:1      | 824 ||| UPGRADING to +0 chain mail.
   834 | D:1      | 834 ||| DROPPING +0 scale mail.
   835 | D:1      | 835 ||| READING 3 scrolls labelled IRHYFU CEINA.
   836 | D:1      | 836 ||| READING scroll labelled KANNUE NYDEOBREWO.
   837 | D:1      | 837 ||| READING 2 scrolls labelled NOTWIENOJO.
   838 | D:1      | 838 ||| DROPPING 2 scrolls of amnesia.
   934 | D:2      | 934 ||| Stepping ~*~*~tactically~*~*~ (hiding).
   958 | D:2      | 958 ||| Stepping ~*~*~tactically~*~*~ (hiding).
   959 | D:2      | 959 ||| Stepping ~*~*~tactically~*~*~ (hiding).
   961 | D:2      | 961 ||| Stepping ~*~*~tactically~*~*~ (hiding).
   962 | D:2      | 962 ||| Stepping ~*~*~tactically~*~*~ (hiding).
   964 | D:2      | 964 ||| Stepping ~*~*~tactically~*~*~ (hiding).
   966 | D:2      | 966 ||| Stepping ~*~*~tactically~*~*~ (hiding).
   967 | D:2      | 967 ||| Stepping ~*~*~tactically~*~*~ (hiding).
   993 | D:2      | 993 ||| Stepping ~*~*~tactically~*~*~ (stealth).
   996 | D:2      | 996 ||| Stepping ~*~*~tactically~*~*~ (stealth).
   997 | D:2      | 997 ||| Stepping ~*~*~tactically~*~*~ (stealth).
  1006 | D:2      | 1006 ||| Stepping ~*~*~tactically~*~*~ (stealth).
  1116 | D:2      | Reached XP level 4. HP: 28/28 MP: 4/4
  1146 | D:2      | Reached skill level 4 in Axes
  1251 | D:2      | 1251 ||| Stepping ~*~*~tactically~*~*~ (stealth).
  1349 | D:2      | 1349 ||| Stepping ~*~*~tactically~*~*~ (hiding).
  1485 | D:2      | 1485 ||| READING scroll labelled QOEMEN SOZUR.
  1486 | D:2      | 1486 ||| READING scroll labelled UWNAYLIUNU.
  1490 | D:2      | 1490 ||| READING 3 scrolls of identify.
  1490 | D:2      | 1490 ||| IDENTIFYING fizzy black potion
  1491 | D:2      | 1491 ||| READING 2 scrolls of identify.
  1491 | D:2      | 1491 ||| IDENTIFYING coppery potion
  1492 | D:2      | 1492 ||| DROPPING potion of degeneration.
  1560 | D:3      | 1560 ||| FLEEEEING.
  1570 | D:3      | 1570 ||| Stepping ~*~*~tactically~*~*~ (hiding).
  1750 | D:3      | Found a glowing golden altar of the Shining One.
  1814 | D:3      | Identified the +11 giant spiked club "Imuil" {vamp, Str-4
                  | Dex+5}
  1814 | D:3      | Noticed an ogre
  1815 | D:3      | Found a transporter.
  1815 | D:3      | Noticed qw's ghost (amateur GrFi)
  2006 | D:3      | Reached XP level 5. HP: 32/32 MP: 5/5
  2077 | D:3      | Noticed an ogre
  2079 | D:3      | Found a transporter.
  2159 | D:3      | 2159 ||| Stepping ~*~*~tactically~*~*~ (stealth).
  2161 | D:3      | 2161 ||| Stepping ~*~*~tactically~*~*~ (hiding).
  2171 | D:3      | HP: 8/32 [orc priest/divine providence (17)]
  2172 | D:3      | 2172 ||| DRINKING potion of heal wounds.
  2183 | D:3      | 2183 ||| Stepping ~*~*~tactically~*~*~ (stealth).
  2329 | D:4      | Noticed a phantom
  2330 | D:4      | 2330 ||| Stepping ~*~*~tactically~*~*~ (stealth).
  2356 | D:4      | Killed a phantom
  2357 | D:4      | Reached skill level 5 in Axes
  2357 | D:4      | Reached XP level 6. HP: 32/37 MP: 6/6
  2449 | D:4      | 2449 ||| Stepping ~*~*~tactically~*~*~ (stealth).
  2451 | D:4      | 2451 ||| Stepping ~*~*~tactically~*~*~ (stealth).
  2823 | D:4      | Reached skill level 6 in Axes
  2868 | D:4      | Noticed Grinder
  2869 | D:4      | 2869 ||| Stepping ~*~*~tactically~*~*~ (hiding).
  2873 | D:4      | Paralysed by Grinder for 3 turns
  2878 | D:4      | Paralysed by Grinder for 2 turns
  2896 | D:4      | Killed Grinder
  2897 | D:4      | Reached XP level 7. HP: 30/43 MP: 7/7
  2960 | D:4      | 2960 ||| Stepping ~*~*~tactically~*~*~ (stealth).
  3190 | D:4      | 3190 ||| DROPPING +6 ring of intelligence.
  3221 | D:5      | Entered Level 5 of the Dungeon
  3248 | D:5      | 3248 ||| Stepping ~*~*~tactically~*~*~ (stealth).
  3323 | D:5      | Found an iron altar of Okawaru.
  3324 | D:5      | 3324 ||| PLANNING OKAWARU WORSHIP
  3349 | D:5      | Became a worshipper of Warmaster Okawaru
  3350 | D:5      | 3350 ||| PLANNING D:1-11
  3350 | D:5      | Identified the +8 falchion of Doikh {elec, +Blink rPois
                  | Str+5}
  3495 | D:5      | Reached skill level 7 in Axes
  3495 | D:5      | Reached XP level 8. HP: 35/48 MP: 8/8
  3568 | D:5      | Found a hazy altar of Hepliaklqana.
  3592 | D:5      | Found a bloodstained altar of Trog.
  3718 | D:5      | Noticed Prince Ribbit
  3727 | D:5      | HP: 10/49 [Prince Ribbit (7)]
  3728 | D:5      | HP: 4/49 [Prince Ribbit (6)]
  3729 | D:5      | Slain by Prince Ribbit

Levels and vault maps discovered:
D:1:      eino_arrival_tree_alley, layout_loops_cross, serial_shops,
          nicolae_shop_gibbet_a_chance, shop, shop_statue
D:2:      layout_basic, serial_glass, glass_columns_c, glass_columns_a,
          glass_columns_c, glass_columns_a
D:3:      layout_basic, lemuel_doored_altar, gammafunk_ghost_smash,
          saegor_snake_ambush
D:4:      layout_cave_pods, minmay_misc_feat_five, uniq_grinder
D:5:      layout_basic, kennysheep_mini, mainiacjoe_overflow_tiny_flanked,
          okawaru_ov_weapons_minmay, nemelex_diamond_rough_becter,
          uniq_prince_ribbit1

Skill      XL: |  1  2  3  4  5  6  7  8 |
---------------+-------------------------+-----
Axes           | 2 3 4 5 6 7 |  7.1
Fighting       | 4 5 |  5.1
Dodging        | 2 |  2.9
Armour         | |  3.2
Shields        | |  3.2

Action                     |  1- 3 |  4- 6 |  7- 9 || total
---------------------------+-------+-------+-------++-------
  Melee: War axe           |   118 |   200 |    89 ||   407
  Throw: Boomerang         |       |       |    14 ||    14
    Use: Scroll            |     3 |     4 |       ||     7
         Potion            |       |     1 |       ||     1
 Armour: Scale mail        |    55 |       |       ||    55
         Chain mail        |    20 |    92 |    48 ||   160
  Dodge: Dodged            |    53 |    70 |    24 ||   147
  Block: Buckler           |    22 |    36 |    10 ||    68

Table legend:
 A = Non-vault XP
 B = Vault XP
 C = Vault XP percentage of total XP
 D = Non-vault monster count
 E = Vault monster count
 F = Vault count percentage of total count
                 A         B        C        D         E       F
            +---------+---------+-------+---------+---------+-------
      Total |    1105 |     318 |  22.3 |      97 |       4 |   4.0
            +---------+---------+-------+---------+---------+-------
        D:1 |      52 |       0 |   0.0 |      31 |       0 |   0.0
        D:2 |      80 |       0 |   0.0 |      18 |       0 |   0.0
        D:3 |      81 |       5 |   5.8 |      15 |       3 |  16.7
        D:4 |     329 |     313 |  48.8 |      19 |       1 |   5.0
        D:5 |     563 |       0 |   0.0 |      14 |       0 |   0.0
            +---------+---------+-------+---------+---------+-------
